 Dungeon Crawl Stone Soup version 0.30.1-9-gdf580d7c3d (webtiles) character file.

Game seed: 16354466040353026462

107 leafyfresh the Digger (level 4, -2/27 HPs)
             Began as an Octopode Earth Elementalist on Oct 12, 2023.
             Was an Initiate of Ashenzari.
             Slain by an iguana (12 damage)
             ... on level 4 of the Dungeon.
             The game lasted 00:02:51 (3091 turns).

leafyfresh the Digger (Octopode Earth Elementalist) Turns: 3091, Time: 00:02:52

Health: -2/27      AC:  1    Str:  7    XL:     4   Next: 85%
Magic:  6/9        EV: 13    Int: 19    God:    Ashenzari [......]
Gold:   220        SH:  0    Dex: 12    Spells: 8/9 levels left

rFire   . . .        k - +4 short sword
rCold   . . .        (no shield)
rNeg    . . .        (helmet restricted)
rPois   .            (no amulet)
rElec   .            c - ring of see invisible
rCorr   .            (no ring)
SInv    +            (no ring)
Will    .....        (no ring)
Stlth   +++          (no ring)
HPRegen 0.24/turn    (no ring)
MPRegen 0.11/turn    (no ring)
                     (no ring)

%: no passive effects
@: no status effects
A: almost no armour, amphibious, 8 rings, camouflage 1, gelatinous body 1,
(nimble swimmer 1), tentacles
a: Renounce Religion


You were on level 4 of the Dungeon.
You worshipped Ashenzari.
Ashenzari was noncommittal.
You visited 2 branches of the dungeon, and saw 5 of its levels.

You collected 220 gold pieces.

Inventory:

Hand Weapons
 e - a +0 short sword
 f - a +2 mace of protection
 k - a +4 short sword (weapon)
Missiles
 j - a throwing net
Jewellery
 c - a ring of see invisible (left tentacle)
Scrolls
 b - a scroll of noise {unknown}
 d - a scroll of acquirement {unknown}
 l - a scroll of torment {unknown}
 m - 2 scrolls of teleportation {unknown}
 o - 3 scrolls of brand weapon {unknown}
 q - 2 scrolls of identify {unknown}
 r - a scroll of immolation {unknown}
 s - a scroll of enchant armour {unknown}
 t - a scroll of amnesia {unknown}
Potions
 a - a potion of magic
 g - 6 potions of curing {unknown}
 h - a potion of mutation {unknown}
 i - a potion of lignification {unknown}
 n - a potion of degeneration {unknown}
 p - 2 potions of flight {unknown}
 u - a potion of heal wounds {unknown}


   Skills:
 - Level 2.0 Dodging
 - Level 2.7 Stealth
 + Level 3.4 Spellcasting
 - Level 1.0 Transmutations
 + Level 4.3 Earth Magic


You had 8 spell levels left.
You knew the following spells:

 Your Spells              Type           Power      Damage    Failure   Level
a - Sandblast             Erth           38%        2d10      2%          1

Your spell library contained the following spells:

 Spells                   Type           Power      Damage    Failure   Level
 Passwall                 Tmut/Erth      10%        N/A       8%          2
 Stone Arrow              Conj/Erth      22%        3d8       19%         3
 Blink                    Tloc           6%         N/A       22%         2
 Lesser Beckoning         Tloc           6%         N/A       22%         2
 Momentum Strike          Conj/Tloc      6%         3d8       22%         2
 Petrify                  Tmut/Erth      13%        N/A       43%         4
 Lehudib's Crystal Spear  Conj/Erth      5%         10d3      100%        8
 Animate Armour           Summ/Erth      Unusable   N/A       N/A         4

Dungeon Overview and Level Annotations

Branches:
Dungeon (4/15)             Temple (1/1) D:4

Altars:
Ashenzari
Cheibriados
Dithmenos
Elyvilon
Fedhas
Gozag
Hepliaklqana
Kikubaaqudgha
Okawaru
Qazlal
Sif Muna
Trog
Uskayaw
Vehumet
Wu Jian
Yredelemnul
Zin

Annotations:
D:4 1 runed translucent door, turdburglar's ghost, novice DsVM


Innate Abilities, Weirdness & Mutations

You cannot wear most types of armour.
You are amphibious.
You can wear up to eight rings at the same time.
Your skin changes colour to match your surroundings (Stealth+).
Your rubbery body absorbs attacks. (AC +1, EV +1)
((You are camouflaged when in or above water. (Stealth+)))
You have tentacles for arms and can constrict up to eight enemies at once.


Message History

The helpless giant cockroach fails to defend itself.
You puncture the giant cockroach!
You kill the giant cockroach!
No target in view!
There is an escape hatch in the ceiling here.
Key pressed, stopping explore.
No target in view!
u - a metallic coppery potion No target in view!
An iguana comes into view.
Found a shiny ruby ring.
A hound comes into view.
There are monsters nearby!
Found a hide-covered altar of Uskayaw.
Found a stone staircase leading down.
There are monsters nearby!
The hound barks!
The hound barely misses you.
You hit the hound. Your grab misses the hound. Your squeeze misses the hound.
The hound is lightly wounded.
The hound bites you. The hound barely misses you.
You puncture the hound! You grab the hound. You squeeze the hound.
You kill the hound!
The iguana bites you!
Ouch! That really hurt!
You are too injured to fight recklessly!
Casting: Sandblast (safe; 2% risk of failure)
Confirm with . or Enter, or press ? or * to list all spells.
Aiming: Sandblast (safe; 2% risk of failure)
Press: ? - help, Shift-Dir - straight line, f - iguana
Aim: an iguana (84% to hit)
The blast of sand hits the iguana.
The iguana is moderately wounded.
The iguana barely misses you. The iguana closely misses you.
Casting: Sandblast (safe; 2% risk of failure)
Confirm with . or Enter, or press ? or * to list all spells.
Aiming: Sandblast (safe; 2% risk of failure)
Press: ? - help, Shift-Dir - straight line, f/p - iguana
Aim: an iguana (black smoke, moderately wounded, 84% to hit)
The blast of sand misses the iguana.
The iguana bites you!
You die...

...####....
#.§§§..≈≈.... #####
#.§§§_....##
###.≈§...≈≈.#
....≈....§≈=###
#..§§§.≈....>..
#..§≈≈.§§..# #.#
#.§l....# #.# #..@..#
#.# ##
#.##..#####.#######. #
#.###.##......<##...
#. #.##.##..........##
.## #.#.##........###
..# ##..##[.......#
#.###.#######.....####
#.#.###.#♣W#.........
###.####.#8$+.....####


You could see an iguana.

Vanquished Creatures
  A hound (D:4)
  An adder (D:2)
  2 worms (D:2)
  A dart slug (D:1)
  6 endoplasms
  7 giant cockroaches
  4 hobgoblins
  4 jackals (D:4)
  4 quokkas
  4 ball pythons
  4 bats
  A frilled lizard (D:2)
  4 goblins
  7 kobolds
  7 rats
57 creatures vanquished.

Notes
Turn   | Place    | Note
-------+----------+-------------------------------------------
     0 | D:1      | leafyfresh the Octopode Earth Elementalist began the quest
                  | for the Orb.
     0 | D:1      | Reached XP level 1. HP: 11/11 MP: 3/3
   256 | D:1      | Reached XP level 2. HP: 11/17 MP: 1/5
   781 | D:1      | Reached XP level 3. HP: 20/21 MP: 6/6
  1793 | D:3      | Reached XP level 4. HP: 27/27 MP: 6/8
  1820 | D:3      | Reached skill level 4 in Earth Magic
  1831 | D:3      | Found a faded altar of an unknown god.
  2208 | D:3      | Found a shadowy altar of Dithmenos.
  2208 | D:3      | Found a blossoming altar of Fedhas.
  2216 | D:3      | Found a hazy altar of Hepliaklqana.
  2218 | D:3      | Found a bloodstained altar of Trog.
  2220 | D:3      | Found a white marble altar of Elyvilon.
  2287 | D:4      | Found a staircase to the Ecumenical Temple.
  2303 | Temple   | Entered the Ecumenical Temple
  2380 | Temple   | Became a worshipper of Ashenzari the Shackled
  2526 | D:4      | Found a runed translucent door.
  2526 | D:4      | Noticed turdburglar's ghost (novice DsVM)
  3086 | D:4      | Found a hide-covered altar of Uskayaw.
  3091 | D:4      | Slain by an iguana

Illustrated notes

Levels and vault maps discovered:
D:1:      dpeg_arrival_houses_and_road, layout_basic, st_stairs_10,
          minmay_pentomino_q2
D:2:      cheibrodos_helix_gallery, layout_loops_ring, wad_floor_pattern_2
D:3:      layout_rooms, chequers_temple_overflow_minitemple,
          chequers_ecumenical_altar_simple, minmay_misc_feat_diagonals
D:4:      layout_loops_ring, mainiacjoe_overflow_small_starburst,
          minmay_temple_entry_junction, gammafunk_ghost_grave,
          serial_co_window_serial, co_window_corner_a, co_window_paths_a,
          co_window_paths_b, co_window_paths_a, co_window_of_opportunity_a,
          co_window_2corner, co_window_broadway_c, co_window_broadway_b,
          co_window_corner_b, co_window_broadway_c, co_window_corner_ca
Temple:   compressed_dpeg_triangle_lava_temple

Skill      XL: |  1  2  3  4 |
---------------+-------------+-----
Spellcasting   | 3 |  3.4
Earth Magic    | 4 |  4.3
Dodging        | |  2.0
Stealth        | |  2.7
Transmutations | |  1.0

Action                     |  1- 3 |  4- 6 || total
---------------------------+-------+-------++-------
  Melee: Unarmed           |     3 |       ||     3
         Constrict         |    14 |     7 ||    21
         Mace              |    29 |       ||    29
         Tentacles         |    10 |     4 ||    14
         Short sword       |    25 |    24 ||    49
         Punch             |     1 |       ||     1
   Cast: Sandblast         |    15 |     6 ||    21
   Stab: Sleeping          |    14 |     3 ||    17
 Armour: Skin              |     8 |     1 ||     9
  Dodge: Dodged            |    31 |    19 ||    50
